AoeStats
← Kanyaga

Black Forest

507094335Analyzed
4v4 RM · 15d ago on Sep 16, 2026· 44m 58s· 8 players
Game mode
Random Map
Map size
Large (8 player)
Population
200
Speed
Normal
Resources
Standard
Victory
Conquest
Starting age
Dark Age
Ending age
Imperial Age
RankedLock teamsTeams togetherTeam positionsShared explorationLock speedFull tech treeHidden civsTurbo modeCheats
Victory
Defeat
🇻🇳 Slavs · Vietnam
1539
+17
🇩🇪 Berbers · Germany
1505
+18
🇩🇪 Muisca · Germany
1502
+19
🇨🇦 Ethiopians · Canada
1473
+20
🇹🇷 Cumans · Türkiye
1628
-21
🇹🇷 Tatars · Türkiye
1574
-19
🇹🇷 Jurchens · Türkiye
1546
-18
🇹🇷 Gurjaras · Türkiye
1488
-16
SbS | Havoc
3:14 Loom
22:19 Feudal Age
28:25 Castle Age
27:15 Double-Bit Axe
27:17 Fishing Lines
33:01 Imperial Age
32:54 Bow Saw
33:34 Scale Mail Armor
33:44 Forging
33:28 Gold Mining
33:31 Gillnets
33:54 Elite Temple Guard
35:59 Wheelbarrow
37:42 Squires
39:46 Chain Mail Armor
40:50 Onager
42:24 Conscription
43:29 Sanctity
44:05 Plate Mail Armor
44:11 Iron Casting
43:27 Fletching
43:56 Elite Guecha Warrior
45:16 Iron Casting
45:38 Fervor
Mycorrhizal
11:18 Feudal Age
11:12 Loom
16:03 Castle Age
14:39 Double-Bit Axe
20:14 Fishing Lines
21:32 Horse Collar
22:19 Bow Saw
22:10 Gillnets
24:04 Scale Mail Armor
24:00 Gold Mining
24:14 Stone Mining
25:11 Chain Mail Armor
25:25 Squires
26:22 Heavy Plow
30:59 Imperial Age
28:41 Fletching
29:16 Forging
29:39 Masonry
29:48 Bodkin Arrow
30:17 Ballistics
30:41 Gold Shaft Mining
29:49 Crossbowman
31:04 Thumb Ring
31:02 Padded Archer Armor
31:44 Wheelbarrow
30:55 Town Watch
32:46 Chemistry
31:16 Arbalester
32:20 Bracer
32:41 Halberdier
34:21 Leather Archer Armor
34:24 Hand Cart
34:51 Conscription
35:39 Guilds
36:10 Torsion Engines
43:44 Man-at-Arms
Kempinho
11:39 Feudal Age
13:01 Loom
16:02 Castle Age
14:52 Double-Bit Axe
17:14 Bow Saw
20:57 Fishing Lines
21:14 Horse Collar
22:48 Heavy Plow
23:10 Gillnets
29:43 Imperial Age
27:57 Wheelbarrow
27:30 Fletching
27:41 Padded Archer Armor
28:03 Ballistics
27:40 Gold Mining
27:41 Stone Mining
28:07 Caravan
29:21 Gold Shaft Mining
29:14 Bodkin Arrow
29:20 Padded Archer Armor
29:33 Masonry
30:13 Stone Shaft Mining
30:35 Bloodlines
30:25 Husbandry
31:01 Bracer
32:02 Chemistry
31:29 Leather Archer Armor
31:25 Thumb Ring
31:49 Kasbah
32:12 Conscription
31:53 Maghrebi Camels
31:22 Light Cavalry
32:27 Hand Cart
31:58 Town Watch
32:20 Elite Camel Archer
32:53 Heavy Camel Rider
35:02 Scale Barding Armor
35:08 Forging
36:38 Ring Archer Armor
36:29 Chain Barding Armor
38:58 Iron Casting
39:46 Plate Barding Armor
41:50 Blast Furnace
42:53 Hoardings
thanh7531
0:32 Loom
11:56 Feudal Age
17:08 Castle Age
15:42 Double-Bit Axe
16:38 Scale Mail Armor
17:15 Man-at-Arms
20:25 Long Swordsman
24:33 Wheelbarrow
24:46 Fishing Lines
25:34 Bow Saw
36:21 Imperial Age
34:27 Detinets
34:58 Detinets
35:16 Scale Barding Armor
35:23 Forging
35:41 Horse Collar
37:27 Iron Casting
37:13 Chain Barding Armor
37:34 Bloodlines
37:25 Husbandry
38:40 Hand Cart
38:11 Town Watch
39:00 Gold Mining
39:01 Stone Mining
40:56 Elite Boyar
41:33 Fletching
41:45 Padded Archer Armor
43:05 Conscription
43:27 Heavy Plow
44:31 Blast Furnace
43:29 Bodkin Arrow
Mengudaii
2:55 Loom
11:41 Feudal Age
18:32 Castle Age
22:57 Imperial Age
20:15 Double-Bit Axe
26:11 Imperial Age
24:34 Bow Saw
24:41 Horse Collar
26:03 Heavy Plow
34:27 Gold Mining
36:59 Wheelbarrow
36:31 Squires
36:54 Padded Archer Armor
36:58 Fletching
38:12 Leather Archer Armor
38:14 Elite Skirmisher
39:04 Bodkin Arrow
39:30 Ballistics
40:11 Chemistry
39:58 Ring Archer Armor
39:49 Bracer
40:22 Ring Archer Armor
40:30 Scale Mail Armor
39:52 Pikeman
41:21 Forging
40:33 Halberdier
41:29 Stone Mining
43:51 Stone Shaft Mining
43:50 Hand Cart
43:21 Town Watch
43:52 Chain Mail Armor
44:52 Iron Casting
Kanyaga
3:31 Loom
20:32 Feudal Age
24:19 Castle Age
22:51 Double-Bit Axe
23:11 Horse Collar
25:00 Stone Mining
25:28 Bow Saw
29:00 Wheelbarrow
29:04 Heavy Plow
28:53 Town Watch
33:34 Hand Cart
34:24 Fortified Wall
34:41 Town Patrol
35:28 Stone Shaft Mining
34:44 Gold Mining
37:53 Caravan
41:47 Gold Shaft Mining
41:28 Scale Barding Armor
41:33 Forging
41:33 Treadmill Crane
42:05 Masonry
45:04 Imperial Age
42:46 Guard Tower
43:30 Bloodlines
44:02 Husbandry
45:28 Kshatriyas
Ainz_Own_Goal
1:14 Loom
11:24 Feudal Age
23:09 Castle Age
21:54 Bloodlines
21:50 Scale Barding Armor
21:56 Forging
23:17 Double-Bit Axe
23:26 Light Cavalry
24:32 Chain Barding Armor
27:50 Horse Collar
28:52 Wheelbarrow
28:50 Bow Saw
29:18 Capped Ram
31:10 Iron Casting
31:19 Heavy Plow
41:10 Imperial Age
39:11 Hand Cart
38:42 Town Watch
38:55 Gold Mining
38:56 Stone Mining
40:33 Town Patrol
41:16 Elite Steppe Lancer
42:32 Plate Barding Armor
42:58 Blast Furnace
41:47 Hussar
43:22 Conscription
44:10 Fletching
ATABEY
11:03 Feudal Age
15:18 Castle Age
13:51 Double-Bit Axe
14:36 Horse Collar
18:05 Bow Saw
18:03 Heavy Plow
24:22 Scale Barding Armor
28:02 Wheelbarrow
29:16 Chain Barding Armor
31:36 Imperial Age
29:24 Bloodlines
29:15 Husbandry
30:03 Forging
32:35 Iron Casting
31:52 Elite Steppe Lancer
33:13 Plate Barding Armor
34:48 Blast Furnace
33:25 Light Cavalry
34:07 Scale Mail Armor
35:29 Hussar
40:07 Crop Rotation
Connection lost

Rejoining the realm…

Still unreachable

The connection could not be restored.

Session expired

The server has moved on; the page needs a fresh start.